AoeStats
← francismorin10

African Clearing

506408047Analyzed
2v2 RM · 20d ago on Sep 13, 2026· 46m 16s· 4 players
Game mode
Random Map
Map size
Medium (4 player)
Population
200
Speed
Normal
Resources
Standard
Victory
Conquest
Starting age
Dark Age
Ending age
Imperial Age
RankedLock teamsTeams togetherTeam positionsShared explorationLock speedFull tech treeHidden civsTurbo modeCheats
Victory
Defeat
🇨🇿 Khitans · Czechia
997
+17
🇸🇰 Persians · Slovakia
996
+17
🇨🇦 Britons · Canada
1100
-20
🇨🇦 Bohemians · Canada
946
-14
☣Mardo☣
9:25 Loom
11:34 Feudal Age
17:19 Castle Age
19:02 Scale Barding Armor
20:11 Wheelbarrow
19:44 Horse Collar
21:58 Heavy Plow
21:54 Double-Bit Axe
24:02 Forging
25:38 Gold Mining
26:33 Bloodlines
27:23 Husbandry
28:16 Forging
30:18 Hand Cart
33:25 Chain Barding Armor
34:07 Bow Saw
37:05 Imperial Age
34:23 Town Watch
37:08 Parthian Tactics
36:45 Cavalier
38:09 Plate Barding Armor
38:09 Iron Casting
38:44 Man-at-Arms
40:46 Caravan
40:19 Savar
42:26 Conscription
44:40 Blast Furnace
45:08 Gold Shaft Mining
ElaRyer
5:33 Loom
14:02 Feudal Age
14:30 Double-Bit Axe
22:39 Castle Age
22:31 Stone Mining
22:32 Gold Mining
24:00 Domestication
25:20 Husbandry
26:30 Wheelbarrow
26:36 Bow Saw
26:48 Fletching
26:58 Padded Archer Armor
26:32 Elite Skirmisher
28:45 Bodkin Arrow
29:05 Leather Archer Armor
30:49 Squires
31:38 Hand Cart
32:08 Town Watch
33:43 Thumb Ring
34:57 Heavy Cavalry Archer
37:38 Ballistics
44:08 Imperial Age
43:20 Scale Mail Armor
46:24 Chemistry
46:16 Bracer
anthony.tourigny66
15:42 Feudal Age
18:26 Fletching
18:37 Padded Archer Armor
26:36 Castle Age
25:19 Man-at-Arms
28:03 Bodkin Arrow
28:23 Leather Archer Armor
28:18 Gambesons
29:36 Crossbowman
36:42 Ballistics
37:49 Pikeman
francismorin10
16:31 Feudal Age
22:30 Castle Age
21:00 Horse Collar
21:11 Double-Bit Axe
26:27 Bow Saw
27:26 Caravan
32:50 Pikeman
36:57 Heavy Plow
38:02 Squires
47:09 Imperial Age
Connection lost

Rejoining the realm…

Still unreachable

The connection could not be restored.

Session expired

The server has moved on; the page needs a fresh start.